Avalanche vs Senateurs (R1)

Created - 1 mars 2016 at 19:09

Goals
1 2 3 T
Avalanche 0 0 1 1
Senateurs 1 0 2 3
Shots
1 2 3 T
Avalanche 3 11 15 29
Senateurs 4 17 12 33

1st period

1. Senateurs , Brenden Morrow 27 (Vitaly Vishnevsky, Andy Hilbert) at 17:14

Penalties :
Daymond Langkow (Ott) for Holding (Minor) at 7:35, Mikkel Boedker (Col) for High sticking (Minor) at 11:28, Olli Jokinen (Ott) for Interference (Minor) at 15:08, Mike Comrie (Col) for Hooking (Minor) at 17:30

2nd period

No Goal

Penalties :
Daymond Langkow (Ott) for Tripping (Minor) at 3:24, Vladimir Mihalik (Ott) for Hooking (Minor) at 15:28

3rd period

2. Senateurs , Andy Hilbert 12 (Vladimir Mihalik) at 5:21
3. Avalanche , Corey Perry 20 (Mikkel Boedker, Marc Staal) at 8:02
4. Senateurs , Andy McDonald 10 (Jean-Pierre Dumont, Vladimir Mihalik) at 14:40

Penalties :
Ryan Getzlaf (Col) for Delaying the game (Minor) at 0:05, Ryan Getzlaf (Col) for Hooking (Minor) at 2:17, John-Michael Liles (Col) for Roughing (Minor) at 5:24, Ryan Getzlaf (Col) for Slashing (Minor) at 11:10, Michal Handzus (Col) for Hooking (Minor) at 15:42, Mike Comrie (Col) for Delaying the game (Minor) at 19:55

Goalie Stats

Semyon Varlamov (Col), 30 saves from 33 shots - (0,909), L, 11-6-2, 60:00 minutes
Ondrej Pavelec (Ott), 28 saves from 29 shots - (0,966), W, 28-11-4, 60:00 minutes

Players Stats for Avalanche

Player Name              G  A  P  +/- PIM S  H  SB GA TA FO     MP     PP MP  PK MP  
------------------------------------------------------------------------------------
Andrew Ladd              0  0  0  -2  0   1  2  0  0  1  0/1    15:14   0:10   5:18 
Brandon Yip              0  0  0  -1  0   1  0  0  0  0  1/1     9:37   0:06   0:00 
Bryan Little             0  0  0   0  0   2  2  0  1  2  8/23   19:38   3:43   4:34 
Chuck Kobasew            0  0  0   0  0   1  0  0  1  1  0/0    14:20   0:00   7:49 
Corey Perry              1  0  1  -1  0   5  2  0  0  0  2/3    14:35   4:07   0:00 
Jack Johnson             0  0  0   0  0   2  1  2  0  0  0/0    26:48   4:49   7:59 
Jason Pominville         0  0  0   0  0   1  1  0  0  0  0/0    14:28   3:43   0:00 
John-Michael Liles       0  0  0  -3  2   2  0  0  0  1  0/0    15:28   3:07   0:00 
Marc Staal               0  1  1   1  0   0  1  0  1  1  0/0    25:21   4:49   5:58 
Max Pacioretty           0  0  0   0  0   1  2  0  0  0  0/1     7:26   0:00   0:50 
Michal Handzus           0  0  0  -1  2   0  0  0  1  0  3/11   13:24   0:10   6:17 
Mike Comrie              0  0  0  -1  4   2  0  0  1  0  5/8    12:33   0:00   3:00 
Mikkel Boedker           0  1  1   0  2   4  1  0  0  0  0/0    14:01   3:43   0:00 
Pernell Karl Subban      0  0  0  -3  0   0  1  0  0  0  0/0    15:06   3:07   0:00 
Randy Jones              0  0  0   1  0   1  2  2  0  0  0/0    18:06   0:00   5:58 
Ryan Getzlaf             0  0  0   0  6   4  2  1  0  0  8/21   15:27   4:03   0:06 
Ryan Smyth               0  0  0   0  0   1  5  0  0  1  0/0    14:50   4:03   0:00 
Shane O'Brien            0  0  0   0  0   1  0  1  0  0  0/0    19:33   0:00   7:59 

Players Stats for Senateurs

Player Name              G  A  P  +/- PIM S  H  SB GA TA FO     MP     PP MP  PK MP  
------------------------------------------------------------------------------------
Ales Kotalik             0  0  0   0  0   0  0  0  0  0  0/0     9:21   0:58   0:00 
Andrew Ebbett            0  0  0   0  0   3  0  0  0  0  5/6    15:46   5:30   0:51 
Andy Hilbert             1  1  2   0  0   1  0  0  0  0  1/2    11:57   1:11   2:25 
Andy McDonald            1  0  1   1  0   7  1  0  1  0  6/8    19:09   4:45   0:51 
B.J. Crombeen            0  0  0   1  0   5  0  0  1  0  1/1    13:41   3:33   0:00 
Brandon Dubinsky         0  0  0   0  0   0  0  0  0  1  1/4     7:52   0:22   0:00 
Brenden Morrow           1  0  1   1  0   3  2  1  1  1  4/8    14:52   2:07   4:00 
Carlo Colaiacovo         0  0  0   2  0   2  2  1  0  0  0/0    21:15   5:10   3:43 
Dan Girardi              0  0  0   0  0   0  0  0  0  0  0/0    10:34   0:00   0:54 
Darcy Hordichuk          0  0  0   1  0   0  1  0  0  0  1/1    17:11   5:03   4:10 
Daymond Langkow          0  0  0   0  4   1  1  0  0  0  19/30  17:18   5:31   1:01 
Jean-Pierre Dumont       0  1  1   1  0   7  4  0  2  0  1/6    23:36   7:48   2:34 
Kurtis Foster            0  0  0   0  0   0  2  0  1  1  0/0    29:05   8:47   4:13 
Milan Jurcina            0  0  0   0  0   0  1  1  0  0  0/0     9:40   0:00   0:00 
Olli Jokinen             0  0  0   1  2   0  1  0  0  0  3/3     7:18   0:00   0:00 
Todd Bertuzzi            0  0  0   0  0   1  2  0  0  0  0/0    13:59   5:03   0:00 
Vitaly Vishnevsky        0  1  1   0  0   2  1  2  1  2  0/0    29:05   8:47   4:13 
Vladimir Mihalik         0  2  2   2  2   1  3  0  0  0  0/0    20:21   5:10   2:49 

3 Stars

1 - Ondrej Pavelec (Ott)
2 - Brenden Morrow (Ott)
3 - Andy Hilbert (Ott)

Power Play

Avalanche - 0 on 4 Attempt(s) - 0,00%
Senateurs - 0 on 8 Attempt(s) - 0,00%

Penalty Kill

Avalanche - 8 on 8 Attempt(s) - 100,00% - Score 0 goal in Penalty Kill
Senateurs - 4 on 4 Attempt(s) - 100,00% - Score 0 goal in Penalty Kill

Team Stat

Avalanche - Hits : 22 - Faceoff Wins : 27 - Blocked Shots : 6 - Penalty Minutes : 16
Senateurs - Hits : 21 - Faceoff Wins : 42 - Blocked Shots : 5 - Penalty Minutes : 8

Official

Referees : LaRue Dennis and Jackson Dave
Linesman : Brad Kovachik and Andy McElman

Game Notes

Brenden Morrow is injured at 18:19 of 2nd period (Sprained Right Ankle)
Daymond Langkow is injured at 10:10 of 3rd period (Sprained Left Ankle)

Finance

Level 1 -- Attendance: 5316 (88,60%) -- Ticket Income 425 280 $
Level 2 -- Attendance: 5000 (100,00%) -- Ticket Income 260 000 $
Level 3 -- Attendance: 2000 (100,00%) -- Ticket Income 64 000 $
Level 4 -- Attendance: 4000 (100,00%) -- Ticket Income 76 000 $
Luxury Box -- Attendance: 1000 (100,00%) -- Ticket Income 157 000 $
Game was played at the Place Banque Scotia.
Total Attendance: 17316 (96,20%)
Total Ticket Income: 982 280 $
Other Income: 147 342 $
Total Income: 1 129 622 $

Avalanche

5 vs 5 Forward 
   Center                   Left Wing                Right Wing               Time % Phy DF OF 
 1 Ryan Getzlaf             Mikkel Boedker           Corey Perry              30     1   2  2  
 2 Bryan Little             Ryan Smyth               Jason Pominville         30     1   2  2  
 3 Mike Comrie              Andrew Ladd              Brandon Yip              25     1   2  2  
 4 Michal Handzus           Max Pacioretty           Chuck Kobasew            15     1   2  2  

5 vs 5 Defense 
   Defense                  Defense                                           Time % Phy DF OF 
 1 Marc Staal               Jack Johnson                                      40     1   2  2  
 2 John-Michael Liles       Pernell Karl Subban                               30     1   2  2  
 3 Randy Jones              Shane O'Brien                                     30     1   2  2  
 4 Marc Staal               Jack Johnson                                      0      1   2  2  

PowerPlay Forward 
   Center                   Left Wing                Right Wing               Time % Phy DF OF 
 1 Ryan Getzlaf             Ryan Smyth               Corey Perry              55     1   2  2  
 2 Bryan Little             Mikkel Boedker           Jason Pominville         45     1   2  2  

PowerPlay Defense
   Defense                  Defense                                           Time % Phy DF OF 
 1 Marc Staal               Jack Johnson                                      55     1   2  2  
 2 John-Michael Liles       Pernell Karl Subban                               45     1   2  2  

Penalty Kill 4 Players Forward 
   Center                   Wing                     Time % Phy DF OF 
 1 Michal Handzus           Chuck Kobasew            60     1   2  2  
 2 Mike Comrie              Andrew Ladd              40     1   2  2  

Penalty Kill 4 Players Defense
   Defense                  Defense                  Time % Phy DF OF 
 1 Jack Johnson             Shane O'Brien            60     1   2  2  
 2 Randy Jones              Marc Staal               40     1   2  2  

Penalty Kill - 3 Players Forward 
   Forward                                           Time % Phy DF OF 
 1 Corey Perry                                       60     1   2  2  
 2 Ryan Smyth                                        40     1   2  2  

Penalty Kill - 3 Players Defense
   Defense                  Defense                  Time % Phy DF OF 
 1 Marc Staal               Jack Johnson             60     1   2  2  
 2 Shane O'Brien            Pernell Karl Subban      40     1   2  2  

4 vs 4 Forward 
   Center                   Wing                     Time % Phy DF OF 
 1 Corey Perry              Ryan Smyth               60     1   2  2  
 2 Mike Comrie              Bryan Little             40     1   2  2  

4 vs 4 Defense
   Defense                  Defense                  Time % Phy DF OF 
 1 Marc Staal               Jack Johnson             60     1   2  2  
 2 Shane O'Brien            Pernell Karl Subban      40     1   2  2  

Last Minutes Offensive
   Center                   Left Wing                Right Wing               Defense                  Defense                  
   Bryan Little             Ryan Smyth               Corey Perry              Marc Staal               Jack Johnson             

Last Minutes Defensive
   Center                   Left Wing                Right Wing               Defense                  Defense                  
   Mike Comrie              Ryan Smyth               Jason Pominville         Marc Staal               Jack Johnson             

Goaltenders
Starting : Semyon Varlamov          
Backup : Jimmy Howard             

Extra Forwards
Normal : Ryan Getzlaf, Michal Handzus, Chuck Kobasew - PP : Ryan Getzlaf, Michal Handzus - PK : Chuck Kobasew
Extra Defensemen
Normal : Randy Jones, John-Michael Liles, Pernell Karl Subban - PP : Randy Jones - PK : John-Michael Liles, Pernell Karl Subban
Penalty Shots
Corey Perry, Ryan Smyth, Mike Comrie, Bryan Little, Ryan Getzlaf

Senateurs

5 vs 5 Forward 
   Center                   Left Wing                Right Wing               Time % Phy DF OF 
 1 Daymond Langkow          Brenden Morrow           Jean-Pierre Dumont       39     0   2  2  
 2 Andrew Ebbett            Andy McDonald            Todd Bertuzzi            29     1   2  2  
 3 Olli Jokinen             Darcy Hordichuk          B.J. Crombeen            20     1   2  2  
 4 Brandon Dubinsky         Andy Hilbert             Ales Kotalik             12     1   2  2  

5 vs 5 Defense 
   Defense                  Defense                                           Time % Phy DF OF 
 1 Vitaly Vishnevsky        Kurtis Foster                                     40     1   2  2  
 2 Vladimir Mihalik         Carlo Colaiacovo                                  30     1   2  2  
 3 Milan Jurcina            Dan Girardi                                       20     1   2  2  
 4 Vitaly Vishnevsky        Kurtis Foster                                     10     1   2  2  

PowerPlay Forward 
   Center                   Left Wing                Right Wing               Time % Phy DF OF 
 1 Daymond Langkow          Brenden Morrow           Jean-Pierre Dumont       60     0   2  3  
 2 Andrew Ebbett            Darcy Hordichuk          Todd Bertuzzi            40     0   2  3  

PowerPlay Defense
   Defense                  Defense                                           Time % Phy DF OF 
 1 Vitaly Vishnevsky        Kurtis Foster                                     60     0   2  3  
 2 Vladimir Mihalik         Carlo Colaiacovo                                  40     0   2  3  

Penalty Kill 4 Players Forward 
   Center                   Wing                     Time % Phy DF OF 
 1 Brenden Morrow           Darcy Hordichuk          60     0   3  2  
 2 Daymond Langkow          Jean-Pierre Dumont       40     0   3  2  

Penalty Kill 4 Players Defense
   Defense                  Defense                  Time % Phy DF OF 
 1 Vitaly Vishnevsky        Kurtis Foster            60     0   3  2  
 2 Vladimir Mihalik         Carlo Colaiacovo         40     0   3  2  

Penalty Kill - 3 Players Forward 
   Forward                                           Time % Phy DF OF 
 1 Brenden Morrow                                    60     0   3  2  
 2 Darcy Hordichuk                                   40     0   3  2  

Penalty Kill - 3 Players Defense
   Defense                  Defense                  Time % Phy DF OF 
 1 Vitaly Vishnevsky        Kurtis Foster            60     0   3  2  
 2 Vladimir Mihalik         Carlo Colaiacovo         40     0   3  2  

4 vs 4 Forward 
   Center                   Wing                     Time % Phy DF OF 
 1 Brenden Morrow           Darcy Hordichuk          60     1   2  2  
 2 Daymond Langkow          Todd Bertuzzi            40     1   2  2  

4 vs 4 Defense
   Defense                  Defense                  Time % Phy DF OF 
 1 Vitaly Vishnevsky        Kurtis Foster            60     1   2  2  
 2 Vladimir Mihalik         Carlo Colaiacovo         40     1   2  2  

Last Minutes Offensive
   Center                   Left Wing                Right Wing               Defense                  Defense                  
   Daymond Langkow          Brenden Morrow           Jean-Pierre Dumont       Vitaly Vishnevsky        Kurtis Foster            

Last Minutes Defensive
   Center                   Left Wing                Right Wing               Defense                  Defense                  
   Daymond Langkow          Brenden Morrow           Jean-Pierre Dumont       Vitaly Vishnevsky        Kurtis Foster            

Goaltenders
Starting : Ondrej Pavelec           
Backup : Marty Turco              

Extra Forwards
Normal : Andy McDonald, B.J. Crombeen, Andy Hilbert - PP : Andy McDonald, B.J. Crombeen - PK : Andy Hilbert
Extra Defensemen
Normal : Vladimir Mihalik, Dan Girardi, Kurtis Foster - PP : Vladimir Mihalik - PK : Dan Girardi, Vladimir Mihalik
Penalty Shots
Brenden Morrow, Darcy Hordichuk, Daymond Langkow, Jean-Pierre Dumont, Andy McDonald

% Time on Ice - Avalanche

Lines # - Real PCT - Wanted PCT - Time Play
Normal Forward
1 - 32% - 30% - 12:11
2 - 28% - 30% - 10:45
3 - 24% - 25% - 9:19
4 - 15% - 15% - 5:52
Normal Defense
1 - 37% - 40% - 14:00
2 - 36% - 30% - 13:52
3 - 27% - 30% - 10:15
4 - 0% - 0% - 0:00
PP Forward
1 - 53% - 55% - 4:13
2 - 47% - 45% - 3:43
PP Defense
1 - 61% - 55% - 4:49
2 - 39% - 45% - 3:07
PK Forward
1 - 76% - 60% - 10:36
2 - 24% - 40% - 3:21
PK Defense
1 - 57% - 60% - 7:59
2 - 43% - 40% - 5:58
PK3 Forward
1 - 0% - 60%
2 - 0% - 40%
PK3 Defense
1 - 0% - 60%
2 - 0% - 40%
44 Forward
1 - 0% - 60%
2 - 0% - 40%
44 Defense
1 - 0% - 60%
2 - 0% - 40%
Last Minute Offensive  - 0:00
Last Minute Defensive  - 0:00
Total
Forward - 60:00
Defense - 60:00

% Time on Ice - Senateurs

Lines # - Real PCT - Wanted PCT - Time Play
Normal Forward
1 - 40% - 39% - 15:21
2 - 23% - 29% - 8:48
3 - 19% - 20% - 7:12
4 - 18% - 12% - 6:46
Normal Defense
1 - 41% - 40% - 15:45
2 - 32% - 30% - 12:22
3 - 25% - 20% - 9:40
4 - 1% - 10% - 0:20
PP Forward
1 - 64% - 60% - 8:54
2 - 36% - 40% - 5:03
PP Defense
1 - 63% - 60% - 8:47
2 - 37% - 40% - 5:10
PK Forward
1 - 68% - 60% - 5:22
2 - 32% - 40% - 2:34
PK Defense
1 - 53% - 60% - 4:13
2 - 47% - 40% - 3:43
PK3 Forward
1 - 0% - 60%
2 - 0% - 40%
PK3 Defense
1 - 0% - 60%
2 - 0% - 40%
44 Forward
1 - 0% - 60%
2 - 0% - 40%
44 Defense
1 - 0% - 60%
2 - 0% - 40%
Last Minute Offensive  - 0:00
Last Minute Defensive  - 0:00
Total
Forward - 60:00
Defense - 60:00

Play by Play

1st period


0:01 of 1st period - Daymond Langkow wins face-off versus Ryan Getzlaf in neutral zone.
0:26 of 1st period - Kurtis Foster is hit by Ryan Smyth and loses puck.
2:14 of 1st period - Vladimir Mihalik is hit by Max Pacioretty and loses puck.
3:16 of 1st period - Brenden Morrow is hit by Max Pacioretty and loses puck.
3:25 of 1st period - Icing by Milan Jurcina.
3:26 of 1st period - Daymond Langkow wins face-off versus Bryan Little in Senateurs zone.
3:40 of 1st period - Icing by Bryan Little.
3:41 of 1st period - Olli Jokinen wins face-off versus Bryan Little in Avalanche zone.
3:50 of 1st period - Snap shot by B.J. Crombeen.
3:50 of 1st period - Stopped by Semyon Varlamov without a rebound.
3:51 of 1st period - Olli Jokinen wins face-off versus Ryan Getzlaf in Avalanche zone.
4:00 of 1st period - Wrist shot by B.J. Crombeen.
4:00 of 1st period - Stopped by Semyon Varlamov without a rebound.
4:01 of 1st period - Daymond Langkow wins face-off versus Ryan Getzlaf in Avalanche zone.
4:05 of 1st period - Icing by Shane O'Brien.
4:06 of 1st period - Daymond Langkow wins face-off versus Ryan Getzlaf in Avalanche zone.
4:21 of 1st period - Wrist shot by Brenden Morrow.
4:21 of 1st period - Shot Blocked by Ryan Getzlaf.
4:27 of 1st period - Snap shot by Corey Perry.
4:27 of 1st period - Shot Misses the Net.
5:08 of 1st period - Wrist shot by Corey Perry.
5:08 of 1st period - Shot Misses the Net.
5:25 of 1st period - Icing by Shane O'Brien.
5:26 of 1st period - Mike Comrie wins face-off versus Daymond Langkow in Avalanche zone.
5:42 of 1st period - Backhand shot by Daymond Langkow.
5:42 of 1st period - Shot Blocked by Shane O'Brien.
6:59 of 1st period - Off-side.
7:00 of 1st period - Andrew Ebbett wins face-off versus Ryan Getzlaf in neutral zone.
7:03 of 1st period - John-Michael Liles is hit by Todd Bertuzzi and loses puck.
7:12 of 1st period - Snap shot by Ryan Getzlaf.
7:12 of 1st period - Stopped by Ondrej Pavelec without a rebound.
7:13 of 1st period - Brenden Morrow wins face-off versus Bryan Little in Senateurs zone.
7:13 of 1st period - Brenden Morrow is hit by Marc Staal.
7:35 of 1st period - Minor Penalty to Daymond Langkow for Holding.
7:36 of 1st period - Brenden Morrow wins face-off versus Ryan Getzlaf in Senateurs zone.
9:35 of 1st period - Penalty to Daymond Langkow is over, Daymond Langkow is back on ice.
9:43 of 1st period - Snap shot by Todd Bertuzzi.
9:43 of 1st period - Stopped by Semyon Varlamov with a rebound.
10:23 of 1st period - Chuck Kobasew is hit by Brenden Morrow and loses puck.
10:38 of 1st period - Andrew Ebbett is hit by Mikkel Boedker and loses puck.
11:05 of 1st period - Marc Staal is hit by Todd Bertuzzi and loses puck.
11:28 of 1st period - Minor Penalty to Mikkel Boedker for High sticking.
11:29 of 1st period - Michal Handzus wins face-off versus Brenden Morrow in Avalanche zone.
11:29 of 1st period - Michal Handzus is hit by Brenden Morrow.
11:42 of 1st period - Off-side.
11:43 of 1st period - Daymond Langkow wins face-off versus Michal Handzus in neutral zone.
12:21 of 1st period - Darcy Hordichuk is hit by Andrew Ladd and loses puck.
13:28 of 1st period - Penalty to Mikkel Boedker is over, Mikkel Boedker is back on ice.
13:38 of 1st period - Mikkel Boedker is hit by Jean-Pierre Dumont and loses puck.
14:03 of 1st period - Andy Hilbert is hit by Bryan Little and loses puck.
14:16 of 1st period - Darcy Hordichuk is hit by Corey Perry and loses puck.
15:08 of 1st period - Minor Penalty to Olli Jokinen for Interference.
15:09 of 1st period - Ryan Getzlaf wins face-off versus Brenden Morrow in Senateurs zone.
15:12 of 1st period - Wrist shot by Ryan Getzlaf.
15:12 of 1st period - Stopped by Ondrej Pavelec without a rebound.
15:13 of 1st period - Ryan Getzlaf wins face-off versus Brenden Morrow in Senateurs zone.
15:29 of 1st period - Kurtis Foster is hit by Ryan Getzlaf and loses puck.
17:08 of 1st period - Penalty to Olli Jokinen is over, Olli Jokinen is back on ice.
17:14 of 1st period - Snap shot by Brenden Morrow.
17:14 of 1st period - Goal by Brenden Morrow - Avalanche : 0 - Senateurs : 1.
17:15 of 1st period - Andrew Ebbett wins face-off versus Mike Comrie in neutral zone.
17:30 of 1st period - Minor Penalty to Mike Comrie for Hooking.
17:31 of 1st period - Daymond Langkow wins face-off versus Michal Handzus in Avalanche zone.
18:14 of 1st period - Shane O'Brien is hit by Daymond Langkow and loses puck.
19:30 of 1st period - Penalty to Mike Comrie is over, Mike Comrie is back on ice.
19:30 of 1st period - Ryan Getzlaf is hit by Vladimir Mihalik and loses puck.
19:43 of 1st period - Slapshot by Ryan Getzlaf.
19:43 of 1st period - Stopped by Ondrej Pavelec without a rebound.
19:44 of 1st period - Ryan Getzlaf wins face-off versus Brandon Dubinsky in Senateurs zone.
19:57 of 1st period - Snap shot by Mikkel Boedker.
19:57 of 1st period - Shot Blocked by Milan Jurcina.
Goals for this period are 0 for Avalanche vs 1 for Senateurs.
Shots for this period are 3 for Avalanche vs 4 for Senateurs.

2nd period


0:01 of 2nd period - Daymond Langkow wins face-off versus Bryan Little in neutral zone.
0:04 of 2nd period - Snap shot by Jean-Pierre Dumont.
0:04 of 2nd period - Deflect By Brenden Morrow.
0:04 of 2nd period - Stopped by Semyon Varlamov with a rebound.
1:11 of 2nd period - Snap shot by Ales Kotalik.
1:11 of 2nd period - Shot Misses the Net.
1:13 of 2nd period - Snap shot by Andy Hilbert.
1:13 of 2nd period - Shot Misses the Net.
1:46 of 2nd period - Vitaly Vishnevsky is hit by Andrew Ladd and loses puck.
2:48 of 2nd period - Icing by Jack Johnson.
2:49 of 2nd period - Daymond Langkow wins face-off versus Michal Handzus in Avalanche zone.
2:52 of 2nd period - Wrist shot by Daymond Langkow.
2:52 of 2nd period - Shot Misses the Net.
2:54 of 2nd period - Snap shot by Jean-Pierre Dumont.
2:54 of 2nd period - Stopped by Semyon Varlamov with a rebound.
2:56 of 2nd period - Snap shot by Daymond Langkow.
2:56 of 2nd period - Stopped by Semyon Varlamov with a rebound.
2:58 of 2nd period - Slapshot by Jean-Pierre Dumont.
2:58 of 2nd period - Shot Misses the Net.
3:04 of 2nd period - Snap shot by Jean-Pierre Dumont.
3:04 of 2nd period - Stopped by Semyon Varlamov without a rebound.
3:05 of 2nd period - Andrew Ebbett wins face-off versus Bryan Little in Avalanche zone.
3:06 of 2nd period - Snap shot by Andy McDonald.
3:06 of 2nd period - Stopped by Semyon Varlamov with a rebound.
3:14 of 2nd period - Slapshot by Ryan Smyth.
3:14 of 2nd period - Shot Misses the Net.
3:20 of 2nd period - Wrist shot by Bryan Little.
3:20 of 2nd period - Deflect By Andrew Ebbett.
3:20 of 2nd period - Shot Misses the Net.
3:20 of 2nd period - Puck is out of play.
3:21 of 2nd period - Mike Comrie wins face-off versus Daymond Langkow in Senateurs zone.
3:22 of 2nd period - Snap shot by Jack Johnson.
3:22 of 2nd period - Deflect By Brenden Morrow.
3:22 of 2nd period - Stopped by Ondrej Pavelec with a rebound.
3:24 of 2nd period - Minor Penalty to Daymond Langkow for Tripping.
3:25 of 2nd period - Ryan Getzlaf wins face-off versus Brenden Morrow in Senateurs zone.
3:40 of 2nd period - Wrist shot by Ryan Getzlaf.
3:40 of 2nd period - Stopped by Ondrej Pavelec with a rebound.
3:56 of 2nd period - Snap shot by Mikkel Boedker.
3:56 of 2nd period - Stopped by Ondrej Pavelec without a rebound.
3:57 of 2nd period - Corey Perry wins face-off versus Andy Hilbert in Senateurs zone.
4:23 of 2nd period - Darcy Hordichuk is hit by Jason Pominville and loses puck.
4:28 of 2nd period - Wrist shot by Bryan Little.
4:28 of 2nd period - Shot Misses the Net.
4:40 of 2nd period - Bryan Little is hit by Vladimir Mihalik and loses puck.
4:51 of 2nd period - Brenden Morrow is hit by Ryan Smyth and loses puck.
5:12 of 2nd period - Snap shot by Jean-Pierre Dumont.
5:12 of 2nd period - Shot Misses the Net.
5:24 of 2nd period - Penalty to Daymond Langkow is over, Daymond Langkow is back on ice.
5:53 of 2nd period - Wrist shot by Ales Kotalik.
5:53 of 2nd period - Deflect By Andy Hilbert.
5:53 of 2nd period - Shot Misses the Net.
5:53 of 2nd period - Puck is out of play.
5:54 of 2nd period - Brandon Dubinsky wins face-off versus Michal Handzus in Avalanche zone.
6:25 of 2nd period - Wrist shot by Andrew Ebbett.
6:25 of 2nd period - Stopped by Semyon Varlamov with a rebound.
6:27 of 2nd period - Snap shot by Andrew Ebbett.
6:27 of 2nd period - Stopped by Semyon Varlamov without a rebound.
6:28 of 2nd period - Brenden Morrow wins face-off versus Bryan Little in Avalanche zone.
6:29 of 2nd period - Wrist shot by Jean-Pierre Dumont.
6:29 of 2nd period - Stopped by Semyon Varlamov with a rebound.
6:31 of 2nd period - Backhand shot by Vladimir Mihalik.
6:31 of 2nd period - Shot Misses the Net.
6:33 of 2nd period - Wrist shot by Brenden Morrow.
6:33 of 2nd period - Deflect By Ryan Smyth.
6:33 of 2nd period - Shot Misses the Net.
6:33 of 2nd period - Puck is out of play.
6:34 of 2nd period - Daymond Langkow wins face-off versus Bryan Little in Avalanche zone.
6:39 of 2nd period - Snap shot by Brenden Morrow.
6:39 of 2nd period - Stopped by Semyon Varlamov without a rebound.
6:40 of 2nd period - Daymond Langkow wins face-off versus Bryan Little in Avalanche zone.
7:44 of 2nd period - Off-side.
7:45 of 2nd period - Bryan Little wins face-off versus Jean-Pierre Dumont in neutral zone.
7:52 of 2nd period - Jason Pominville is hit by Jean-Pierre Dumont and loses puck.
8:19 of 2nd period - Snap shot by Brandon Yip.
8:19 of 2nd period - Shot Blocked by Vitaly Vishnevsky.
8:21 of 2nd period - Slapshot by Jack Johnson.
8:21 of 2nd period - Stopped by Ondrej Pavelec with a rebound.
8:42 of 2nd period - Slapshot by Vitaly Vishnevsky.
8:42 of 2nd period - Stopped by Semyon Varlamov without a rebound.
8:43 of 2nd period - Bryan Little wins face-off versus Daymond Langkow in Avalanche zone.
8:43 of 2nd period - Bryan Little is hit by Jean-Pierre Dumont.
9:08 of 2nd period - Icing by Daymond Langkow.
9:09 of 2nd period - Andrew Ebbett wins face-off versus Ryan Getzlaf in Senateurs zone.
9:34 of 2nd period - Snap shot by Jean-Pierre Dumont.
9:34 of 2nd period - Stopped by Semyon Varlamov without a rebound.
9:35 of 2nd period - Daymond Langkow wins face-off versus Bryan Little in Avalanche zone.
10:19 of 2nd period - Snap shot by Ryan Smyth.
10:19 of 2nd period - Stopped by Ondrej Pavelec with a rebound.
10:21 of 2nd period - Slapshot by Randy Jones.
10:21 of 2nd period - Stopped by Ondrej Pavelec without a rebound.
10:22 of 2nd period - Andy McDonald wins face-off versus Mike Comrie in Senateurs zone.
10:51 of 2nd period - Slapshot by Max Pacioretty.
10:51 of 2nd period - Stopped by Ondrej Pavelec with a rebound.
11:09 of 2nd period - Pernell Karl Subban is hit by Andy McDonald and loses puck.
11:36 of 2nd period - Off-side.
11:37 of 2nd period - Corey Perry wins face-off versus Daymond Langkow in neutral zone.
11:39 of 2nd period - Jack Johnson is hit by Jean-Pierre Dumont and loses puck.
13:04 of 2nd period - Snap shot by Ryan Smyth.
13:04 of 2nd period - Deflect By Jason Pominville.
13:04 of 2nd period - Shot Misses the Net.
13:04 of 2nd period - Puck is out of play.
13:05 of 2nd period - Ryan Getzlaf wins face-off versus Daymond Langkow in Senateurs zone.
13:12 of 2nd period - Snap shot by Corey Perry.
13:12 of 2nd period - Stopped by Ondrej Pavelec with a rebound.
13:14 of 2nd period - Snap shot by John-Michael Liles.
13:14 of 2nd period - Stopped by Ondrej Pavelec without a rebound.
13:15 of 2nd period - Daymond Langkow wins face-off versus Ryan Getzlaf in Senateurs zone.
13:15 of 2nd period - Daymond Langkow is hit by Ryan Getzlaf.
13:23 of 2nd period - Snap shot by Corey Perry.
13:23 of 2nd period - Shot Hit the Post.
13:30 of 2nd period - Icing by Brenden Morrow.
13:31 of 2nd period - Brandon Yip wins face-off versus Daymond Langkow in Senateurs zone.
13:38 of 2nd period - Wrist shot by Mike Comrie.
13:38 of 2nd period - Stopped by Ondrej Pavelec with a rebound.
14:20 of 2nd period - Vitaly Vishnevsky is hit by Ryan Smyth.
14:38 of 2nd period - Darcy Hordichuk is hit by Randy Jones and loses puck.
15:04 of 2nd period - Slapshot by Jean-Pierre Dumont.
15:04 of 2nd period - Shot Misses the Net.
15:06 of 2nd period - Slapshot by Jean-Pierre Dumont.
15:06 of 2nd period - Stopped by Semyon Varlamov without a rebound.
15:07 of 2nd period - Jean-Pierre Dumont wins face-off versus Andrew Ladd in Avalanche zone.
15:14 of 2nd period - Snap shot by Andrew Ladd.
15:14 of 2nd period - Stopped by Ondrej Pavelec with a rebound.
15:28 of 2nd period - Minor Penalty to Vladimir Mihalik for Hooking.
15:29 of 2nd period - Brenden Morrow wins face-off versus Ryan Getzlaf in Senateurs zone.
16:29 of 2nd period - Snap shot by Andy Hilbert.
16:29 of 2nd period - Shot Misses the Net.
17:06 of 2nd period - Icing by Marc Staal.
17:07 of 2nd period - Andy Hilbert wins face-off versus Bryan Little in Avalanche zone.
17:28 of 2nd period - Penalty to Vladimir Mihalik is over, Vladimir Mihalik is back on ice.
18:01 of 2nd period - Backhand shot by Max Pacioretty.
18:01 of 2nd period - Shot Misses the Net.
18:19 of 2nd period - Slapshot by Pernell Karl Subban.
18:19 of 2nd period - Shot Blocked by Brenden Morrow.
18:19 of 2nd period - Brenden Morrow from Senateurs is injured at 18:19 of 2nd period (Sprained Right Ankle).
18:20 of 2nd period - Daymond Langkow wins face-off versus Ryan Getzlaf in Senateurs zone.
18:22 of 2nd period - Icing by Jean-Pierre Dumont.
18:23 of 2nd period - Daymond Langkow wins face-off versus Ryan Getzlaf in Senateurs zone.
18:30 of 2nd period - Snap shot by Daymond Langkow.
18:30 of 2nd period - Shot Misses the Net.
18:48 of 2nd period - Snap shot by Darcy Hordichuk.
18:48 of 2nd period - Shot Misses the Net.
18:54 of 2nd period - Olli Jokinen is hit by Bryan Little and loses puck.
18:59 of 2nd period - Snap shot by Bryan Little.
18:59 of 2nd period - Shot Misses the Net.
19:17 of 2nd period - Slapshot by Vitaly Vishnevsky.
19:17 of 2nd period - Stopped by Semyon Varlamov with a rebound.
19:19 of 2nd period - Snap shot by Andy Hilbert.
19:19 of 2nd period - Shot Misses the Net.
19:31 of 2nd period - Wrist shot by Andy McDonald.
19:31 of 2nd period - Stopped by Semyon Varlamov without a rebound.
19:32 of 2nd period - Daymond Langkow wins face-off versus Max Pacioretty in Avalanche zone.
19:41 of 2nd period - Snap shot by Andy McDonald.
19:41 of 2nd period - Stopped by Semyon Varlamov with a rebound.
19:43 of 2nd period - Slapshot by Carlo Colaiacovo.
19:43 of 2nd period - Stopped by Semyon Varlamov with a rebound.
19:57 of 2nd period - Wrist shot by Daymond Langkow.
19:57 of 2nd period - Shot Misses the Net.
19:59 of 2nd period - Backhand shot by Jean-Pierre Dumont.
19:59 of 2nd period - Stopped by Semyon Varlamov with a rebound.
Goals for this period are 0 for Avalanche vs 0 for Senateurs.
Shots for this period are 11 for Avalanche vs 17 for Senateurs.

3rd period


0:01 of 3rd period - Ryan Getzlaf wins face-off versus Daymond Langkow in neutral zone.
0:04 of 3rd period - Slapshot by Corey Perry.
0:04 of 3rd period - Stopped by Ondrej Pavelec without a rebound.
0:05 of 3rd period - Ryan Getzlaf wins face-off versus Daymond Langkow in Senateurs zone.
0:05 of 3rd period - Minor Penalty to Ryan Getzlaf for Delaying the game.
0:06 of 3rd period - Daymond Langkow wins face-off versus Michal Handzus in Avalanche zone.
0:15 of 3rd period - Wrist shot by Andy McDonald.
0:15 of 3rd period - Stopped by Semyon Varlamov without a rebound.
0:16 of 3rd period - Michal Handzus wins face-off versus Jean-Pierre Dumont in Avalanche zone.
0:52 of 3rd period - Off-side.
0:53 of 3rd period - Mike Comrie wins face-off versus Andrew Ebbett in neutral zone.
0:56 of 3rd period - Slapshot by Marc Staal.
0:56 of 3rd period - Shot Blocked by Carlo Colaiacovo.
1:02 of 3rd period - Wrist shot by Darcy Hordichuk.
1:02 of 3rd period - Shot Blocked by Randy Jones.
1:18 of 3rd period - Andy McDonald is hit by Randy Jones and loses puck.
2:05 of 3rd period - Penalty to Ryan Getzlaf is over, Ryan Getzlaf is back on ice.
2:15 of 3rd period - Slapshot by Andy Hilbert.
2:15 of 3rd period - Shot Blocked by Jack Johnson.
2:17 of 3rd period - Minor Penalty to Ryan Getzlaf for Hooking.
2:18 of 3rd period - Darcy Hordichuk wins face-off versus Michal Handzus in Avalanche zone.
4:17 of 3rd period - Penalty to Ryan Getzlaf is over, Ryan Getzlaf is back on ice.
4:45 of 3rd period - Michal Handzus is hit by Milan Jurcina.
4:55 of 3rd period - Wrist shot by Ryan Getzlaf.
4:55 of 3rd period - Deflect By Chuck Kobasew.
4:55 of 3rd period - Stopped by Ondrej Pavelec without a rebound.
4:56 of 3rd period - Andrew Ebbett wins face-off versus Bryan Little in Senateurs zone.
5:21 of 3rd period - Snap shot by Andy Hilbert.
5:21 of 3rd period - Goal by Andy Hilbert - Avalanche : 0 - Senateurs : 2.
5:22 of 3rd period - Bryan Little wins face-off versus Daymond Langkow in neutral zone.
5:24 of 3rd period - Minor Penalty to John-Michael Liles for Roughing.
5:25 of 3rd period - Daymond Langkow wins face-off versus Michal Handzus in Avalanche zone.
6:33 of 3rd period - Marc Staal is hit by Vladimir Mihalik and loses puck.
6:52 of 3rd period - Daymond Langkow is hit by Jack Johnson and loses puck.
7:24 of 3rd period - Penalty to John-Michael Liles is over, John-Michael Liles is back on ice.
8:02 of 3rd period - Wrist shot by Corey Perry.
8:02 of 3rd period - Goal by Corey Perry - Avalanche : 1 - Senateurs : 2.
8:03 of 3rd period - Mike Comrie wins face-off versus Daymond Langkow in neutral zone.
8:31 of 3rd period - Darcy Hordichuk is hit by Pernell Karl Subban and loses puck.
8:42 of 3rd period - Wrist shot by Corey Perry.
8:42 of 3rd period - Stopped by Ondrej Pavelec without a rebound.
8:43 of 3rd period - Daymond Langkow wins face-off versus Bryan Little in Senateurs zone.
8:57 of 3rd period - Icing by Bryan Little.
8:58 of 3rd period - Bryan Little wins face-off versus Daymond Langkow in Avalanche zone.
9:07 of 3rd period - Slapshot by Jason Pominville.
9:07 of 3rd period - Shot Misses the Net.
9:23 of 3rd period - Snap shot by Brandon Yip.
9:23 of 3rd period - Stopped by Ondrej Pavelec without a rebound.
9:24 of 3rd period - Olli Jokinen wins face-off versus Mike Comrie in Senateurs zone.
9:51 of 3rd period - Randy Jones is hit by Carlo Colaiacovo and loses puck.
10:08 of 3rd period - Snap shot by Mike Comrie.
10:08 of 3rd period - Stopped by Ondrej Pavelec without a rebound.
10:09 of 3rd period - Daymond Langkow wins face-off versus Bryan Little in Senateurs zone.
10:09 of 3rd period - Daymond Langkow is hit by Ryan Smyth.
10:10 of 3rd period - Daymond Langkow from Senateurs is injured at 10:10 of 3rd period (Sprained Left Ankle).
10:11 of 3rd period - Andy McDonald wins face-off versus Bryan Little in Senateurs zone.
10:24 of 3rd period - Slapshot by Bryan Little.
10:24 of 3rd period - Stopped by Ondrej Pavelec with a rebound.
10:26 of 3rd period - Snap shot by Jason Pominville.
10:26 of 3rd period - Stopped by Ondrej Pavelec without a rebound.
10:27 of 3rd period - Andy McDonald wins face-off versus Ryan Getzlaf in Senateurs zone.
10:52 of 3rd period - Jason Pominville is hit by Kurtis Foster and loses puck.
10:59 of 3rd period - Slapshot by Shane O'Brien.
10:59 of 3rd period - Stopped by Ondrej Pavelec without a rebound.
11:00 of 3rd period - Andy McDonald wins face-off versus Corey Perry in Senateurs zone.
11:00 of 3rd period - Carlo Colaiacovo is hit by Corey Perry and loses puck.
11:09 of 3rd period - Wrist shot by Mikkel Boedker.
11:09 of 3rd period - Shot Misses the Net.
11:10 of 3rd period - Minor Penalty to Ryan Getzlaf for Slashing.
11:11 of 3rd period - Andy McDonald wins face-off versus Michal Handzus in Avalanche zone.
11:12 of 3rd period - Wrist shot by Kurtis Foster.
11:12 of 3rd period - Shot Blocked by Jack Johnson.
11:26 of 3rd period - Wrist shot by Chuck Kobasew.
11:26 of 3rd period - Shot Blocked by Vitaly Vishnevsky.
13:10 of 3rd period - Penalty to Ryan Getzlaf is over, Ryan Getzlaf is back on ice.
13:13 of 3rd period - Max Pacioretty is hit by Olli Jokinen and loses puck.
13:48 of 3rd period - Slapshot by John-Michael Liles.
13:48 of 3rd period - Stopped by Ondrej Pavelec with a rebound.
14:00 of 3rd period - Slapshot by Corey Perry.
14:00 of 3rd period - Stopped by Ondrej Pavelec without a rebound.
14:01 of 3rd period - Ryan Getzlaf wins face-off versus Brandon Dubinsky in Senateurs zone.
14:02 of 3rd period - Snap shot by Mikkel Boedker.
14:02 of 3rd period - Stopped by Ondrej Pavelec with a rebound.
14:06 of 3rd period - Wrist shot by Mikkel Boedker.
14:06 of 3rd period - Stopped by Ondrej Pavelec without a rebound.
14:07 of 3rd period - Mike Comrie wins face-off versus Brandon Dubinsky in Senateurs zone.
14:38 of 3rd period - Wrist shot by Andy McDonald.
14:38 of 3rd period - Stopped by Semyon Varlamov with a rebound.
14:40 of 3rd period - Slapshot by Andy McDonald.
14:40 of 3rd period - Goal by Andy McDonald - Avalanche : 1 - Senateurs : 3.
14:41 of 3rd period - Bryan Little wins face-off versus Andy McDonald in neutral zone.
14:52 of 3rd period - Snap shot by Bryan Little.
14:52 of 3rd period - Stopped by Ondrej Pavelec with a rebound.
14:54 of 3rd period - Snap shot by Ryan Smyth.
14:54 of 3rd period - Shot Misses the Net.
14:56 of 3rd period - Snap shot by Bryan Little.
14:56 of 3rd period - Shot Misses the Net.
15:27 of 3rd period - Snap shot by Andy McDonald.
15:27 of 3rd period - Stopped by Semyon Varlamov with a rebound.
15:42 of 3rd period - Minor Penalty to Michal Handzus for Hooking.
15:43 of 3rd period - Andy McDonald wins face-off versus Bryan Little in Avalanche zone.
15:50 of 3rd period - Wrist shot by Jean-Pierre Dumont.
15:50 of 3rd period - Shot Misses the Net.
15:52 of 3rd period - Snap shot by Carlo Colaiacovo.
15:52 of 3rd period - Stopped by Semyon Varlamov with a rebound.
15:54 of 3rd period - Snap shot by Jean-Pierre Dumont.
15:54 of 3rd period - Stopped by Semyon Varlamov with a rebound.
15:56 of 3rd period - Wrist shot by B.J. Crombeen.
15:56 of 3rd period - Stopped by Semyon Varlamov without a rebound.
15:57 of 3rd period - Bryan Little wins face-off versus Jean-Pierre Dumont in Avalanche zone.
16:08 of 3rd period - Wrist shot by B.J. Crombeen.
16:08 of 3rd period - Stopped by Semyon Varlamov with a rebound.
16:22 of 3rd period - Chuck Kobasew is hit by Darcy Hordichuk and loses puck.
16:31 of 3rd period - Wrist shot by Andrew Ebbett.
16:31 of 3rd period - Shot Misses the Net.
16:33 of 3rd period - Slapshot by Carlo Colaiacovo.
16:33 of 3rd period - Deflect By Andrew Ebbett.
16:33 of 3rd period - Stopped by Semyon Varlamov without a rebound.
16:34 of 3rd period - Bryan Little wins face-off versus Andy McDonald in Avalanche zone.
16:43 of 3rd period - Wrist shot by Jean-Pierre Dumont.
16:43 of 3rd period - Shot Blocked by Randy Jones.
16:45 of 3rd period - Slapshot by Vladimir Mihalik.
16:45 of 3rd period - Stopped by Semyon Varlamov with a rebound.
16:47 of 3rd period - Wrist shot by B.J. Crombeen.
16:47 of 3rd period - Stopped by Semyon Varlamov without a rebound.
16:48 of 3rd period - Bryan Little wins face-off versus Jean-Pierre Dumont in Avalanche zone.
16:57 of 3rd period - Shane O'Brien is hit by Vitaly Vishnevsky.
17:42 of 3rd period - Penalty to Michal Handzus is over, Michal Handzus is back on ice.
17:52 of 3rd period - Randy Jones is hit by Carlo Colaiacovo and loses puck.
18:24 of 3rd period - Todd Bertuzzi is hit by Ryan Smyth and loses puck.
18:41 of 3rd period - Slapshot by Mikkel Boedker.
18:41 of 3rd period - Stopped by Ondrej Pavelec without a rebound.
18:42 of 3rd period - B.J. Crombeen wins face-off versus Ryan Getzlaf in Senateurs zone.
19:55 of 3rd period - Minor Penalty to Mike Comrie for Delaying the game.
19:56 of 3rd period - Michal Handzus wins face-off versus Jean-Pierre Dumont in Avalanche zone.
19:56 of 3rd period - Michal Handzus is hit by Kurtis Foster.
Goals for this period are 1 for Avalanche vs 2 for Senateurs.
Shots for this period are 15 for Avalanche vs 12 for Senateurs.